 Dungeon Crawl Stone Soup version 0.13.0-19-g8e0b589 (webtiles) character file.

823 4tharraofdagon the Cleaver (level 7, -2/87 HPs)
             Began as a Centaur Berserker on Oct 24, 2013.
             Was a Priest of Trog.
             Slain by a wyvern (13 damage)
             ... on Level 8 of the Dungeon.
             The game lasted 00:04:54 (910 turns).

4tharraofdagon the Cleaver (Centaur Berserker)       Turns: 910, Time: 00:04:55

HP  -2/87        AC  9     Str 30      XL: 7   Next: 50%
MP   4/4         EV  6     Int  6      God: Trog [***...]
Gold 66          SH  0     Dex  8      Spells:  0 memorised,  6 levels left

Res.Fire  : . . .   See Invis. : .   r - +0,+2 war axe
Res.Cold  : . . .   Warding    : .   l - +2 chain mail
Life Prot.: . . .   Conserve   : .   (no shield)
Res.Poison: .       Res.Corr.  : .   (no helmet)
Res.Elec. : .       Clarity    : .   (no cloak)
Sust.Abil.: . .     Spirit.Shd : .   (no gloves)
Res.Mut.  : .       Stasis     : .   (no barding)
Res.Rott. : .       Flight     : .   (no amulet)
Saprovore : . . .                    (no ring)
                                     i - +3 ring of strength

@: berserking, very quick, slightly resistant to hostile enchantments, extremely
unstealthy
A: hooves 3, deformed body, herbivore 1, speed 2, fast metabolism 1, tough skin
3
a: Burn Spellbooks, Berserk, Trog's Hand, Renounce Religion


You were on level 8 of the Dungeon.
You worshipped Trog.
Trog was most pleased with you.
You were hungry.

You visited 1 branch of the dungeon, and saw 7 of its levels.

You collected 46 gold pieces.

Inventory:

Hand weapons
 a - a +0,+0 hand axe {=f}
 e - a +1,+0 dwarven hand axe
 j - a -1,+2 orcish hand axe (quivered)
 r - a +0,+2 war axe (weapon)
Armour
 b - a +0 animal skin
 g - a +0 elven leather armour
 h - a +0 orcish scale mail
 l - a +2 chain mail (worn)
Comestibles
 c - 4 bread rations
Scrolls
 d - a scroll of curse armour {unknown}
 f - 2 scrolls of teleportation {unknown}
 k - a scroll of fear {unknown}
 m - a scroll of remove curse {unknown}
 n - a scroll of recharging {unknown}
 q - a scroll of acquirement {unknown}
 s - a scroll of noise {unknown}
Jewellery
 i - a +3 ring of strength (left hand)
 p - an uncursed ring of see invisible {unknown}
Potions
 o - a potion of mutation {unknown}
 t - a potion of curing {unknown}


   Skills:
 - Level 3.0 Fighting
 * Level 8.2 Axes
 - Level 1.3 Armour
 - Level 1.3 Dodging


You had 6 spell levels left.
You didn't know any spells.

Dungeon Overview and Level Annotations

Branches:
Dungeon (8/27)
 Temple: D:4-7          Orc: D:6-11        Lair: D:8-13

Altars:
Nemelex Xobeh

Annotations:
D:6 Zurvan's ghost, experienced MiFi


Innate Abilities, Weirdness & Mutations

You have hooves in place of feet.
Armour fits poorly on your strangely shaped body.
You digest meat inefficiently.
You cover ground very quickly.
You have a fast metabolism.
You have extremely tough skin (AC +3).


Message History

You slash the hill giant skeleton!
The wyvern bites you but does no damage.
The hobgoblin barely misses you. The hill giant skeleton hits you!
* * * LOW HITPOINT WARNING * * *
The hound skeleton bites you.
* * * LOW HITPOINT WARNING * * *
You slice the hill giant skeleton!!
You destroy the hill giant skeleton!
Your Axes skill increases to level 8!
You slash the hobgoblin!
You kill the hobgoblin!
Trog accepts your kill.
You closely miss the hound skeleton.
Your chain mail prevents you from hitting the wyvern.
Your kick misses the wyvern.
The wyvern is heavily wounded.
The wyvern bites you!
* * * LOW HITPOINT WARNING * * *
The wyvern bites you!
You die...

#.....# ##...###
###......#
#........###
##.?..#.....#
##.....#.....##
###...(#####....#
#.....## ##...##
#....## #..D@#
....## ##.z)....#
...## #...⌠..##
..## #.........
### #...<...... #
#.........
##⌠...⌠## ##...#.
###


You could see a wyvern and a hound skeleton.

Vanquished Creatures
  A hill giant skeleton (D:8)
  An ice beast (D:5)
  2 centaurs
  A giant frog (D:7)
  A crimson imp (D:5)
  An orc priest (D:5)
  A jelly (D:5)
  A black bear zombie (D:7)
  An iguana (D:5)
  3 orc wizards (D:5)
  An ogre skeleton (D:5)
  2 adders
  A worm zombie (D:5)
  An adder skeleton (D:7)
  15 orcs (D:5)
  A giant cockroach (D:1)
  3 goblins
  3 hobgoblins
  7 jackals
  3 giant geckos
  4 giant newts
  A kobold (D:7)
  4 rats
  A rat skeleton (D:7)
60 creatures vanquished.

Notes
Turn   | Place    | Note
--------------------------------------------------------------
     0 | D:1      | 4tharraofdagon, the Centaur Berserker, began the quest for the Orb.
     0 | D:1      | Reached XP level 1. HP: 19/19 MP: 0/0
    76 | D:1      | Reached XP level 2. HP: 24/26 MP: 1/1
   157 | D:2      | Acquired Trog's second power
   211 | D:2      | You fall through a shaft!
   239 | D:5      | Entered Level 5 of the Dungeon
   239 | D:5      | Noticed an ice beast
   245 | D:5      | Killed an ice beast
   245 | D:5      | Reached skill level 5 in Axes
   245 | D:5      | Reached XP level 3. HP: 33/33 MP: 2/2
   245 | D:5      | Reached XP level 4. HP: 39/39 MP: 2/2
   296 | D:5      | Reached XP level 5. HP: 45/45 MP: 3/3
   404 | D:5      | Noticed a centaur
   418 | D:5      | Killed a centaur
   418 | D:5      | Reached skill level 6 in Axes
   418 | D:5      | Reached XP level 6. HP: 51/52 MP: 4/4
   573 | D:5      | Reached skill level 7 in Axes
   702 | D:6      | Noticed Zurvan's ghost (experienced MiFi)
   839 | D:7      | Reached XP level 7. HP: 49/58 MP: 4/4
   859 | D:7      | Found a sparkling altar of Nemelex Xobeh.
   881 | D:8      | Noticed a wyvern
   910 | D:8      | Reached skill level 8 in Axes
   910 | D:8      | Slain by a wyvern

Action                   |  1- 3 |  4- 6 |  7- 9 || total
-------------------------+-------+-------+-------++-------
Melee: Hand axe          |    24 |    55 |       ||    79
       War axe           |       |    12 |    12 ||    24
Invok: Berserk           |     3 |     4 |     1 ||     8
       Trog's Hand       |     1 |     1 |       ||     2
  Use: Potion            |     2 |       |       ||     2
